 Dungeon Crawl Stone Soup version 0.29-a0-323-g050149af67 (webtiles) character file.

Game seed: 5795368300749404735

8 Iscandelvey the Firebug (level 2, 16/19 HPs)
             Began as a Demonspawn Fire Elementalist on Apr 12, 2022.
             Quit the game on level 1 of the Dungeon.
             The game lasted 00:00:21 (490 turns).

Iscandelvey the Firebug (DsFE)                       Turns: 490, Time: 00:00:22

Health: 16/19      AC:  2    Str:  8    XL:     2   Next: 0%
Magic:  1/5        EV: 12    Int: 16    God:
Gold:   75         SH:  0    Dex: 13    Spells: 4/5 levels left

rFire   . . .      SeeInvis .   (no weapon)
rCold   . . .      Faith    .   (no shield)
rNeg    . . .      Spirit   .   a - +0 robe
rPois   .          Reflect  .   (no helmet)
rElec   .          Harm     .   (no cloak)
rCorr   .          Rampage  .   (no gloves)
Will    .....                   (no boots)
Stlth   ++........              (no amulet)
HPRegen 0.06/turn               (no ring)
MPRegen 0.09/turn               (no ring)

@: very slightly contaminated
A: weakness stinger 1
a: no special abilities


You were on level 1 of the Dungeon.
You visited 1 branch of the dungeon, and saw 1 of its levels.

You collected 75 gold pieces.

Inventory:

Armour
 a - a +0 robe (worn)
Scrolls
 e - a scroll of identify {unknown}
 f - a scroll of teleportation {unknown}
Potions
 b - a potion of magic
 c - a potion of resistance {unknown}
 d - a potion of curing {unknown}


   Skills:
 + Level 1.9 Dodging
 + Level 2.0 Stealth
 + Level 2.1 Spellcasting
 + Level 1.2 Conjurations
 + Level 2.8 Fire Magic


You had 4 spell levels left.
You knew the following spells:

 Your Spells              Type           Power      Damage    Failure   Level
a - Foxfire               Conj/Fire      32%        2x1d5     9%          1

Your spell library contained the following spells:

 Spells                   Type           Power      Damage    Failure   Level
 Scorch                   Fire           20%        2d6       10%         2
 Conjure Flame            Conj/Fire      8%         6-21      26%         3
 Inner Flame              Hex/Fire       6%         N/A       34%         3
 Flame Wave               Conj/Fire      8%         2d5       65%         4


Dungeon Overview and Level Annotations

Branches:
Dungeon (1/15)

Altars:


Innate Abilities, Weirdness & Mutations

You have a small tail.


Message History

You now have 75 gold pieces (gained 14).
A bat comes into view.
A bat is nearby!
A bat is nearby!
You conjure some foxfire!
The bat misses you. The bat hits you but does no damage. x2
You hit the bat but do no damage.
The foxfire hits the bat.
The bat is severely wounded.
The bat hits you but does no damage.
You conjure some foxfire!
The foxfire hits the bat.
The bat is severely wounded.
The bat misses you.
There is not enough space to conjure foxfire!
You miss the bat.
The bat is severely wounded.
The foxfire hits the bat.
You kill the bat!
Found a stone staircase leading down.
No target in view!
A frilled lizard comes into view.
There is a stone staircase leading down here.
A frilled lizard is nearby!
A frilled lizard is nearby!
A frilled lizard is nearby!
The frilled lizard hisses angrily.
A frilled lizard is nearby!
You closely miss the frilled lizard. The frilled lizard barely misses you.
You miscast Foxfire.
You are very lightly contaminated with residual magic.
Nothing appears to happen.
The frilled lizard closely misses you.
You conjure some foxfire!
The frilled lizard bites you but does no damage.
You barely miss the frilled lizard. The frilled lizard bites you.
You barely miss the frilled lizard. You punch the frilled lizard.
You kill the frilled lizard!
Your Stealth skill increases to level 2!
You have reached level 2!
Your demonic ancestry asserts itself...
You grow a small tail.
Are you sure you want to abandon this character and quit the game? (Confirm with "yes".)

###### .....####### #...
###........###########.....
#.....##.v§§§§@†............###
#.....##############.....# ....
#.....# #..[...# #..# ###.....#
......###..# ........#
.......##..# ###.....# #...#...
###.....# ## ##....... ##......#
##.. ###....†...
##.....[######..#######........#.


There were no monsters in sight!

Vanquished Creatures
  A dart slug (D:1)
  A bat (D:1)
  A giant cockroach (D:1)
  2 frilled lizards (D:1)
  2 rats (D:1)
7 creatures vanquished.

Vanquished Creatures (others)
  21 foxfires (D:1)
21 creatures vanquished.

Grand Total: 28 creatures vanquished

Notes
Turn   | Place    | Note
-------+----------+-------------------------------------------
     0 | D:1      | Iscandelvey the Demonspawn Fire Elementalist began the
                  | quest for the Orb.
     0 | D:1      | Reached XP level 1. HP: 13/13 MP: 3/3
   490 | D:1      | Gained mutation: You have a small tail. [demonic ancestry]
   490 | D:1      | Reached XP level 2. HP: 16/19 MP: 1/5
   490 | D:1      | Quit the game

Illustrated notes

Levels and vault maps discovered:
D:1:      grunt_arrival_crossed_arrows, layout_rooms

Skill      XL: |  1 |
---------------+----+-----
Stealth        | 2 |  2.0
Dodging        | |  1.9
Spellcasting   | |  2.1
Conjurations   | |  1.2
Fire Magic     | |  2.8

Action                   || total
-------------------------++-------
Melee: Unarmed           ||    17
       Punch             ||     1
 Cast: Foxfire           ||    13
 Stab: Sleeping          ||     2
Armor: Robe              ||     7
Dodge: Dodged            ||    13

Table legend: (Time is in decaauts)
 A = Elapsed time spent in this place.
 B = Non-inter-level travel time spent in this place.
 C = Inter-level travel time spent in this place.
 D = Time resting spent in this place.
 E = Time spent auto-exploring this place.
 F = Levels seen in this place.
 G = Mean time per level.
                   A        B        C        D        E       F      G
               +--------+--------+--------+--------+--------+-----+--------+
         Total |    490 |    490 |      0 |      0 |    419 |   1 |  490.0 |
       Dungeon |    490 |    490 |      0 |      0 |    419 |   1 |  490.0 |
               +--------+--------+--------+--------+--------+-----+--------+

Top non-repeatable levels by time:
     D:1: 490 daAuts
